Construct Section Command Post
Selects Canadian Shock Battlegroup
Selects Canadian Shock Section
Selects Offensive Resupply
Selects Canadian Shock Section
Construct Field Infirmary
Selects Incendiary Munitions
Construct Platoon Command Post
6-pounder Anti-tank Gun Team
6-pounder Anti-tank Gun Team
Construct Company Command Post
Selects Churchill Crocodile Heavy Tank
Churchill Crocodile Heavy Tank
Unlock Towed 17-pounder Anti-tank Guns